 Dungeon Crawl Stone Soup version 0.31-a0-844-gdc52ec4e09 (webtiles) character file.

Game seed: 9778350493487200702

37 Kurtz the Chopper (level 3, 0/26 HPs)
             Began as an Octopode Fighter on Sept 28, 2023.
             Slain by Terence
             ... wielding a +2 mace of protection
              (12 damage)
             ... on level 2 of the Dungeon.
             The game lasted 00:00:35 (988 turns).

Kurtz the Chopper (Octopode Fighter)                 Turns: 988, Time: 00:00:36

Health: 0/26       AC:  1    Str: 15    XL:     3   Next: 39%
Magic:  3/3        EV: 13    Int: 10    God:
Gold:   77         SH:  4    Dex: 13    Spells: 2/2 levels left

rFire   . . .        a - +0 war axe
rCold   . . .        b - +0 buckler
rNeg    . . .        (helmet restricted)
rPois   .            (no amulet)
rElec   .            (no ring)
rCorr   .            (no ring)
SInv    .            (no ring)
Will    .....        (no ring)
Stlth   ++           (no ring)
HPRegen 0.24/turn    (no ring)
MPRegen 0.08/turn    (no ring)
                     (no ring)

%: no passive effects
@: no status effects
A: almost no armour, amphibious, 8 rings, camouflage 1, gelatinous body 1,
(nimble swimmer 1), tentacles
a: no special abilities


You were on level 2 of the Dungeon.
You visited 1 branch of the dungeon, and saw 2 of its levels.

You collected 77 gold pieces.

Inventory:

Hand Weapons
 a - a +0 war axe (weapon)
Armour
 b - a +0 buckler (worn)
Jewellery
 d - a ring of fire
Scrolls
 e - a scroll of teleportation {unknown}
 f - a scroll of immolation {unknown}
 g - a scroll of fog {unknown}
 i - a scroll of brand weapon {unknown}
 j - a scroll of enchant weapon {unknown}
 l - a scroll of torment {unknown}
 m - a scroll of revelation {unknown}
Potions
 c - a potion of might
 h - a potion of berserk rage {unknown}
 k - a potion of curing {unknown}


   Skills:
 - Level 3.0 Fighting
 * Level 3.7 Axes
 - Level 3.0 Dodging
 - Level 3.0 Shields


You had 2 spell levels left.
You didn't know any spells.
Your spell library was empty.

Dungeon Overview and Level Annotations

Branches:
Dungeon (2/15)

Altars:

Shops:
D:1 (

Annotations:
D:2 Terence


Innate Abilities, Weirdness & Mutations

You cannot wear most types of armour.
You are amphibious.
You can wear up to eight rings at the same time.
Your skin changes colour to match your surroundings (Stealth+).
Your rubbery body absorbs attacks. (AC +1, EV +1)
((You are camouflaged when in or above water. (Stealth+)))
You have tentacles for arms and can constrict up to eight enemies at once.


Message History

The helpless adder fails to defend itself.
You slash the adder!
You kill the adder!
Key pressed, stopping explore.
No target in view!
There is a shaft here.
A hobgoblin comes into view.
You catch the helpless hobgoblin completely off-guard!
You slash the hobgoblin!
You kill the hobgoblin!
No target in view!
You now have 77 gold pieces (gained 12).
You see here a hobgoblin corpse.
Terence the Incautious comes into view.
He is wielding a +2 mace of protection.
Terence shouts!
Terence is nearby!
Terence is nearby!
Terence hits you with a +2 mace of protection.
Terence is nearby!
You barely miss Terence. Your grab misses Terence.
Terence hits you with a +2 mace of protection.
Terence is nearby!
You closely miss Terence. You grab Terence.
You squeeze Terence, but do no damage. You constrict Terence.
Terence hits you with a +2 mace of protection. x2
You are too injured to fight recklessly!
You are too injured to fight recklessly!
You slash Terence!
Terence is heavily wounded.
You constrict Terence, but do no damage.
Terence misses you.
You hit Terence but do no damage.
Terence is heavily wounded.
You constrict Terence, but do no damage.
You block Terence's attack.
You hit Terence.
Terence is severely wounded.
You constrict Terence, but do no damage.
Terence hits you with a +2 mace of protection!
You die...

#.. ... #.. #.#
# #.#########
#.###
#....@@...#
#....
###.#####.#
#####..##
#†#####..^...#.
#.......####.#.
#.####### #.#.
#.# #.#. ..#
#... #### ####
#


You could see Terence.

Vanquished Creatures
  An adder (D:2)
  A dart slug (D:1)
  3 ball pythons (D:1)
  An endoplasm (D:2)
  2 giant cockroaches (D:1)
  A goblin (D:1)
  3 hobgoblins
  2 quokkas (D:1)
  A bat (D:1)
  3 frilled lizards (D:1)
  4 kobolds
  3 rats (D:1)
25 creatures vanquished.

Notes
Turn   | Place    | Note
-------+----------+-------------------------------------------
     0 | D:1      | Kurtz the Octopode Fighter began the quest for the Orb.
     0 | D:1      | Reached XP level 1. HP: 16/16 MP: 1/1
   155 | D:1      | Reached XP level 2. HP: 19/21 MP: 2/2
   238 | D:1      | Found Tivaecw's Weapon Shop.
   688 | D:1      | You fall into a shaft and drop 1 floor!
   698 | D:2      | Reached XP level 3. HP: 26/26 MP: 3/3
   980 | D:2      | Noticed Terence
   988 | D:2      | Slain by Terence

Illustrated notes

Levels and vault maps discovered:
D:1:      wander_arrival_peaceful_grave, layout_basic, serial_shops,
          nicolae_shop_bloodbath_and_beyond, chequers_hall_statues_wall_a
D:2:      layout_loops_cross, uniq_sigmund, uniq_terence,
          uniq_crazy_yiuf_cottage, uniq_robin, uniq_natasha

Skill      XL: |  1  2 |
---------------+-------+-----
Axes           | 3 |  3.7
Fighting       | |  3.0
Dodging        | |  3.0
Shields        | |  3.0

Action                     || total
---------------------------++-------
  Melee: War axe           ||    38
         Tentacles         ||    11
         Constrict         ||    11
         Punch             ||     1
   Stab: Sleeping          ||     5
         Distracted        ||     1
 Armour: Skin              ||    12
  Dodge: Dodged            ||    15
  Block: Buckler           ||     5

Table legend: (Time is in decaauts)
 A = Elapsed time spent in this place.
 B = Non-inter-level travel time spent in this place.
 C = Inter-level travel time spent in this place.
 D = Time resting spent in this place.
 E = Time spent auto-exploring this place.
 F = Levels seen in this place.
 G = Mean time per level.
                   A        B        C        D        E       F      G
               +--------+--------+--------+--------+--------+-----+--------+
         Total |   1002 |    953 |     49 |      0 |    796 |   2 |  501.0 |
       Dungeon |   1002 |    953 |     49 |      0 |    796 |   2 |  501.0 |
               +--------+--------+--------+--------+--------+-----+--------+

Top non-repeatable levels by time:
     D:1: 698 daAuts
     D:2: 303 daAuts
